 Dungeon Sprint DCSS version 0.30-a0-953-g5f1da4a474 (webtiles) character file.

Game seed: 16722495250134328963

72 testman the Ruffian (level 4, 0/50 HPs)
             Began as a Troll Monk on Mar 28, 2023.
             Was a Believer of Jiyva.
             Slain by a gargoyle
             ... wielding a +0 flail
              (13 damage)
             ... in the Dungeon (Sprint IX: "|||||||||||||||||||||||||||||").
             The game lasted 00:01:50 (181 turns).

testman the Ruffian (Troll Monk)                     Turns: 181, Time: 00:01:50

Health: 0/50       AC:  4    Str: 21    XL:     4   Next: 6%
Magic:  3/3        EV: 10    Int:  9    God:    Jiyva [**....]
Gold:   0          SH:  0    Dex: 15    Spells: 3/3 levels left

rFire   . . .      SeeInvis .      - Unarmed
rCold   . . .      Faith    .    (no shield)
rNeg    . . .      Spirit   .    a - +0 robe
rPois   .          Reflect  .    (helmet restricted)
rElec   .          Rampage  .    (no cloak)
rCorr   +          NoTele   +    (gloves unavailable)
Will    .....                    (boots unavailable)
Stlth   ++                       (no amulet)
HPRegen 2.04/turn                k - +3 ring of intelligence
MPRegen 0.38/turn                l - +3 ring of dexterity

@: no status effects
A: large, unfitting armour, claws 3, regeneration 1, shaggy fur 1, tough skin 1
a: Renounce Religion


You were in the Dungeon.
You worshipped Jiyva.
Jiyva was pleased with you.
You visited 1 branch

Inventory:

Armour
 a - a +0 robe (worn)
Jewellery
 k - a +3 ring of intelligence (left claw)
 l - a +3 ring of dexterity (right claw)
Wands
 j - a wand of light (10)
Scrolls
 h - 2 scrolls of blinking
 i - 2 scrolls of amnesia
Potions
 b - a potion of ambrosia
 c - 5 potions of curing
 d - a potion of heal wounds
 e - a potion of haste
 f - 4 potions of magic


   Skills:
 + Level 5.2 Fighting
 - Level 2.4 Dodging
 - Level 1.0 Stealth
 + Level 6.3 Unarmed Combat


You had 3 spell levels left.
You didn't know any spells.
Your spell library was empty.

Dungeon Overview and Level Annotations

Branches:
Dungeon (1/1)

Altars:
Cheibriados
Dithmenos
Elyvilon
Fedhas
Gozag
Hepliaklqana
Kikubaaqudgha
Makhleb
Nemelex Xobeh
Okawaru
Qazlal
Ru
Sif Muna
Trog
Uskayaw
Vehumet
Wu Jian
Xom
Yredelemnul
Zin
The Shining One
Jiyva
Lugonu


Innate Abilities, Weirdness & Mutations

You are too large for most types of armour.
You have claws for hands.
Your natural rate of healing is unusually fast.
You are covered in fur. (AC +1)
You have tough skin. (AC +1)


Message History

There is a stormy altar of Qazlal here.
There is an iron altar of Okawaru here.
There is a sparkling altar of Nemelex Xobeh here.
There is a burning altar of Makhleb here.
There is a corrupted altar of Lugonu here.
There is an ancient bone altar of Kikubaaqudgha here.
There is a viscous altar of Jiyva here.
There is a hazy altar of Hepliaklqana here.
There is an opulent altar of Gozag here.
There is a hazy altar of Hepliaklqana here.
There is a viscous altar of Jiyva here.
The gargoyle hurls a stone arrow at you.
The stone arrow misses you.
There is an ancient bone altar of Kikubaaqudgha here.
You barely miss the gargoyle. The gargoyle hits you with a +0 flail.
You scratch the gargoyle but do no damage.
The gargoyle hurls a stone arrow at you.
The stone arrow hits you!
You scratch the gargoyle but do no damage.
The gargoyle hurls a stone arrow at you.
The stone arrow hits you!
You scratch the gargoyle.
The gargoyle is moderately damaged.
The gargoyle hurls a stone arrow at you.
The stone arrow hits you!!
* * * LOW HITPOINT WARNING * * *
You scratch the gargoyle but do no damage.
The gargoyle is moderately damaged.
The gargoyle barely misses you.
You feel much better.
The gargoyle hurls a stone arrow at you.
The stone arrow hits you!!
Ouch! That really hurt!
* * * LOW HITPOINT WARNING * * *
You scratch the gargoyle but do no damage.
The gargoyle is moderately damaged.
You claw the gargoyle!
The gargoyle is heavily damaged.
The gargoyle hits you with a +0 flail!
You die...

▓_▓
▓_▓
▓_▓
▓_▓
▓_▓
▓_▓
▓_▓
▓9▓
▓@▓
▓_▓
▓_▓
▓_▓
▓_▓
▓_▓
▓_▓
▓_▓
▓_▓


You could see a gargoyle.

Vanquished Creatures
  A sleepcap (D)
  A gnoll (D)
  3 adders (D)
  A bat (D)
  A goblin (D)
  2 kobolds (D)
  A quokka (D)
10 creatures vanquished.

Notes
Turn   | Place    | Note
-------+----------+-------------------------------------------
     0 | D        | testman the Troll Monk began the quest for the Orb.
     0 | D        | Reached XP level 1. HP: 22/22 MP: 0/0
    23 | D        | Noticed a sleepcap
    35 | D        | Reached skill level 4 in Unarmed Combat
    35 | D        | Reached XP level 2. HP: 32/32 MP: 1/1
    36 | D        | Reached skill level 5 in Unarmed Combat
    39 | D        | Reached XP level 3. HP: 41/41 MP: 2/2
    41 | D        | Reached skill level 5 in Fighting
    41 | D        | Reached skill level 6 in Unarmed Combat
    45 | D        | Reached XP level 4. HP: 29/50 MP: 3/3
    81 | D        | Found a snail-covered altar of Cheibriados.
    81 | D        | Found a shadowy altar of Dithmenos.
    81 | D        | Found a white marble altar of Elyvilon.
    81 | D        | Found a blossoming altar of Fedhas.
    81 | D        | Found an opulent altar of Gozag.
    82 | D        | Found a hazy altar of Hepliaklqana.
    83 | D        | Found a viscous altar of Jiyva.
    84 | D        | Found an ancient bone altar of Kikubaaqudgha.
    85 | D        | Found a corrupted altar of Lugonu.
    86 | D        | Found a burning altar of Makhleb.
    87 | D        | Found a sparkling altar of Nemelex Xobeh.
    88 | D        | Found an iron altar of Okawaru.
    89 | D        | Found a stormy altar of Qazlal.
    90 | D        | Found a sacrificial altar of Ru.
    91 | D        | Became a worshipper of Jiyva Jacon the Shapeless
    91 | D        | Reached * piety under Jiyva
    91 | D        | Reached ** piety under Jiyva
    92 | D        | Found a shimmering blue altar of Sif Muna.
    93 | D        | Found a bloodstained altar of Trog.
    94 | D        | Found a hide-covered altar of Uskayaw.
    95 | D        | Found a radiant altar of Vehumet.
    96 | D        | Found an ornate altar of the Wu Jian Council.
    97 | D        | Found a shimmering altar of Xom.
    98 | D        | Found a basalt altar of Yredelemnul.
    99 | D        | Found a glowing silver altar of Zin.
   100 | D        | Found a glowing golden altar of the Shining One.
   126 | D        | Noticed a centaur
   126 | D        | Noticed a wyvern
   126 | D        | Noticed a shadow
   126 | D        | Noticed an acid dragon
   126 | D        | Noticed a gargoyle
   177 | D        | HP: 1/50 [gargoyle/stone arrow (21)]
   181 | D        | Slain by a gargoyle

Illustrated notes

Levels and vault maps discovered:
D:        linesprint [early_d, line_temple, items_1, d_10, items_2, lair_1,
          lair_end, items_3, orc_1, orc_end, items_4, d_15, swamp_1, shoals_1,
          snake_1, spider_1, d_20, vaults_1, items_5, swamp_end, shoals_end,
          snake_end, spider_end, vaults_end, d_27, items_6, zot_1, zot_end,
          crypt_end, forest_end, elf_end, slime_end, tomb_end, abyss_end,
          pan_hell_end]

Skill      XL: |  1  2  3 |
---------------+----------+-----
Fighting       | 3 4 5 |  5.2
Unarmed Combat | 4 5 6 |  6.3
Dodging        | |  2.4
Stealth        | |  1.0

Action                     |  1- 3 |  4- 6 || total
---------------------------+-------+-------++-------
  Melee: Unarmed           |    31 |    11 ||    42
         Punch             |     2 |       ||     2
    Use: Potion            |     1 |     3 ||     4
 Armour: Robe              |     8 |       ||     8
  Dodge: Dodged            |    10 |     3 ||    13

Table legend: (Time is in decaauts)
 A = Elapsed time spent in this place.
 B = Non-inter-level travel time spent in this place.
 C = Inter-level travel time spent in this place.
 D = Time resting spent in this place.
 E = Time spent auto-exploring this place.
 F = Levels seen in this place.
 G = Mean time per level.
                   A        B        C        D        E       F      G
               +--------+--------+--------+--------+--------+-----+--------+
         Total |    183 |    183 |      0 |     41 |      0 |   1 |  183.0 |
       Dungeon |    183 |    183 |      0 |     41 |      0 |   1 |  183.0 |
               +--------+--------+--------+--------+--------+-----+--------+

Top non-repeatable levels by time:
       D: 183 daAuts
